 Dungeon Crawl Stone Soup version 0.20.0-14-g326068f (webtiles) character file.

20 theemperora the Caller (level 2, -1/19 HPs)
             Began as a Barachi Summoner on June 8, 2017.
             Slain by a leopard gecko (3 damage)
             ... on level 2 of the Dungeon.
             The game lasted 00:06:44 (1174 turns).

theemperora the Caller (Barachi Summoner)           Turns: 1174, Time: 00:06:45

Health: -1/19      AC:  2    Str:  9    XL:     2   Next: 79%
Magic:  5/5        EV: 12    Int: 15    God:
Gold:   19         SH:  0    Dex: 12    Spells: 2/5 levels left

rFire    . . .     SeeInvis .   d - +0 short sword
rCold    . . .     Gourm    .   (no shield)
rNeg     . . .     Faith    .   a - +0 robe
rPois    .         Spirit   .   (no helmet)
rElec    .         Reflect  .   (no cloak)
rCorr    .         Harm     .   (no gloves)
MR       .....                  (no boots)
Stlth    ++........             (no amulet)
Regen    0.1/turn               (no ring)
MPRegen  0.1/turn               (no ring)

@: slow
A: +LOS, swims, slowness 1, strong legs 1
a: Hop


You were on level 2 of the Dungeon.
You were not hungry.

You visited 1 branch of the dungeon, and saw 2 of its levels.

You collected 19 gold pieces.

Inventory:

Hand Weapons
 c - a +0 mace
 d - a +0 short sword (weapon)
 e - a cursed -2 whip
 h - a +0 hand axe
 i - a +0 club
 k - a +0 short sword
 l - a +0 short sword
 m - a +0 dagger
 s - a +0 club
 u - a +0 club
Missiles
 f - 49 stones (quivered)
 g - 10 poisoned needles
 t - 20 arrows
Armour
 a - a +0 robe (worn)
 n - a +0 robe
Scrolls
 o - a scroll of blinking {unknown}
 p - a scroll of amnesia {unknown}
 r - a scroll of identify {unknown}
 v - a scroll of magic mapping {unknown}
Potions
 j - 2 potions of magic {unknown}
 q - a potion of cancellation {unknown}
Books
 b - a book of Callings

   Spells                             Type                      Level
   a - Summon Small Mammal            Summoning                    1
   b - Call Imp                       Summoning                    2
   c - Call Canine Familiar           Summoning                    3
   d - Summon Guardian Golem          Hexes/Summoning              3
   e - Summon Lightning Spire         Summoning/Air                4
   f - Summon Ice Beast               Ice/Summoning                4


   Skills:
 + Level 0.2 Short Blades
 + Level 2.3 Dodging
 + Level 1.9 Stealth
 + Level 2.4 Spellcasting
 + Level 5.3 Summonings


You had 2 spell levels left.
You knew the following spells:

 Your Spells              Type           Power        Failure   Level  Hunger
a - Summon Small Mammal   Summ           ###.         2%          1    #......
b - Call Imp              Summ           ###.....     3%          2    ###....


Dungeon Overview and Level Annotations

Branches:
Dungeon (2/15)

Altars:


Innate Abilities, Weirdness & Mutations

Shadows flee at your approach. (+LOS)
You can swim through water.
You cover ground slowly.
You can hop short distances.


Message History

Your crimson imp closely misses the leopard gecko.
The leopard gecko barely misses you.
Your crimson imp blinks!
The leopard gecko bites you.
* * * LOW HITPOINT WARNING * * *
The leopard gecko barely misses you. The leopard gecko bites you.
* * * LOW HITPOINT WARNING * * *
You swap places.
The leopard gecko completely misses your crimson imp.
Your crimson imp blinks!
The leopard gecko bites you.
* * * LOW HITPOINT WARNING * * *
Your crimson imp blinks!
Found 15 sling bullets.
Found a leather armour.
The leopard gecko closely misses you. x2
Your crimson imp hits the leopard gecko.
The leopard gecko bites you.
You die...

....... .........................
....... .....................#.##
...............#.......#...#.#.##
#................................
#........#.....#.................
.............................####
.#.......#....##5.......#..#.#
##.......#....##l..##...#..#.####
##..............@................
.......#.#..#.##.................
.....#...........................
...................##............
.........##.#..............######
###.#######.#.####.##.........
#.# ###.# #.##..##..#### ### ###
###########


You could see a leopard gecko and a friendly crimson imp.

Vanquished Creatures
  A dart slug (D:1)
  A bat (D:1)
  2 kobolds (D:1)
  2 rats (D:1)
6 creatures vanquished.

Vanquished Creatures (collateral kills)
  A leopard gecko (D:1)
  A giant cockroach (D:1)
  4 goblins (D:1)
  2 hobgoblins (D:1)
  2 ball pythons
  2 bats
  4 kobolds (D:1)
  A rat (D:1)
17 creatures vanquished.

Grand Total: 23 creatures vanquished

Notes
Turn   | Place    | Note
-------+----------+-------------------------------------------
     0 | D:1      | theemperora the Barachi Summoner began the quest for the Orb.
     0 | D:1      | Reached XP level 1. HP: 13/13 MP: 3/3
   169 | D:1      | Reached skill level 5 in Summonings
   528 | D:1      | Reached XP level 2. HP: 15/19 MP: 1/5
   613 | D:1      | Learned a level 2 spell: Call Imp
  1174 | D:2      | Slain by a leopard gecko

Skill      XL: |  1 |
---------------+----+-----
Summonings     | 5 |  5.3
Short Blades   | |  0.2
Dodging        | |  2.3
Stealth        | |  1.9
Spellcasting   | |  2.4

Action                   || total
-------------------------++-------
Melee: Short sword       ||    28
       Unarmed           ||     1
 Cast: Summon Small Mamm ||    28
       Call Imp          ||    12
 Stab: Sleeping          ||     1
  Eat: Bread ration      ||     1
Armor: Robe              ||    18
Dodge: Dodged            ||    56
